cohdb
Replays
Latest Replays
All Replays
Popular Replays
Top Player Replays
Match Explorer
How It Works
Community
CoH3 Stats
Reddit
Sign in to upload your games and track your stats! →
Sign in with Steam
Match 40136085
Unlisted
Match 40136085
Overview
Messages
Build Orders
End
Construct Infanterie Kompanie
Pioneer Squad
Selects Terror Battlegroup
Selects Machine Gun Camouflage
MG 42 Machine Gun Team
MG 42 Machine Gun Team
GrW 34 Mortar Team
Construct Panzergrenadier Kompanie
Grenadier Squad
Pak 40 Anti-tank Gun Team
Medical Station
Panzergrenadier Squad
Selects Contempt for the Weak
Panzergrenadier Squad
Panzergrenadier Squad
Selects Propaganda Leaflet Drop
Propaganda Leaflet Drop
Construct Panzer Kompanie
Propaganda Leaflet Drop
Panzer IV Medium Tank
Selects V1 Rocket Strike
Kettenkrad Recon Vehicle
Propaganda Leaflet Drop
Panzer IV Medium Tank
Propaganda Leaflet Drop
Sturmpanzer IV Brummbär
Pioneer Squad
Selects Defend the Fatherland
Propaganda Leaflet Drop
Panzer IV Medium Tank
Propaganda Leaflet Drop
Pioneer Squad
Kettenkrad Recon Vehicle
Pioneer Squad
UH|ck
UH|XTC
iceman
JackCoded
250th "Blue" Division
GhostDragon
0
0
Comments
sign in to comment!
No comments posted yet!